AoeStats
← JavierU

Arabia

510177723Analyzed
1v1 RM · 3d ago on Sep 29, 2026· 62m 24s· 2 players
Game mode
Random Map
Map size
Tiny (2 player)
Population
200
Speed
Normal
Resources
Standard
Victory
Conquest
Starting age
Dark Age
Ending age
Imperial Age
RankedLock teamsTeams togetherTeam positionsShared explorationLock speedFull tech treeHidden civsTurbo modeCheats
Victory
Defeat
🇪🇸 Varangians · Spain
1039
+16
🇬🇧 Britons · United Kingdom
1036
-16
TaimurMojo9865
6:37 Loom
9:11 Feudal Age
10:08 Double-Bit Axe
14:30 Fletching
18:29 Wheelbarrow
21:31 Castle Age
20:24 Horse Collar
20:46 Padded Archer Armor
21:34 Crossbowman
22:12 Bodkin Arrow
23:52 Bow Saw
29:30 Leather Archer Armor
29:17 Pikeman
34:54 Imperial Age
34:03 Hand Cart
37:35 Bracer
37:13 Elite Longbowman
44:46 Ballistics
45:27 Chemistry
48:58 Halberdier
53:07 Town Watch
JavierU
7:44 Loom
10:09 Feudal Age
18:01 Fletching
24:23 Castle Age
24:02 Bloodlines
26:29 Scale Barding Armor
27:51 Double-Bit Axe
28:31 Forging
29:09 Husbandry
31:44 Bow Saw
33:16 Horse Collar
34:10 Gold Mining
41:41 Imperial Age
38:59 Town Watch
40:52 Wheelbarrow
43:06 Chain Barding Armor
43:32 Fervor
42:45 Cavalier
45:47 Conscription
45:55 Light Cavalry
47:11 Hand Cart
47:40 Hussar
49:07 Iron Casting
49:37 Plate Barding Armor
53:52 Cranequins
55:10 Padded Archer Armor
56:49 Bodkin Arrow
58:07 Ballistics
59:14 Elite Skirmisher
60:37 Bracer
Connection lost

Rejoining the realm…

Still unreachable

The connection could not be restored.

Session expired

The server has moved on; the page needs a fresh start.